 Seeded DCSS version 0.31-a0-175-g9f7f995f2b (webtiles) character file.

Game seed: 11697059700666758213 (custom seed)

59 innerfire43 the Trooper (level 3, -3/29 HPs)
             Began as a Demonspawn Monk on June 16, 2023.
             Was a Believer of Fedhas.
             Slain by an ogre
             ... wielding a +0 giant spiked club
              (24 damage)
             ... on level 3 of the Dungeon.
             The game lasted 00:03:04 (1931 turns).

innerfire43 the Trooper (Demonspawn Monk)           Turns: 1931, Time: 00:03:04

Health: -3/29      AC:  3    Str: 13    XL:     3   Next: 78%
Magic:  12/12      EV: 13    Int: 11    God:    Fedhas [**....]
Gold:   91         SH:  4    Dex: 15    Spells: 2/2 levels left

rFire   . . .        e - +7 mace of Variability {chaos, chaos arc}
rCold   . . .        (shield currently unavailable)
rNeg    . . .        b - +0 robe
rPois   .            (no helmet)
rElec   .            q - +0 cloak
rCorr   .            (no gloves)
SInv    .            (no boots)
Will    .....        (no amulet)
Stlth   +            h - ring of magical power
HPRegen 0.24/turn    (no ring)
MPRegen 0.13/turn

%: no passive effects
@: no status effects
A: large bone plates 1, foul stench 1
a: Renounce Religion, Wall of Briars


You were on level 3 of the Dungeon.
You worshipped Fedhas.
Fedhas was pleased with you.
You visited 1 branch of the dungeon, and saw 3 of its levels.

You collected 91 gold pieces.

Inventory:

Hand Weapons
 a - a +0 mace
 e - the +7 mace of Variability (weapon) {chaos, chaos arc}
   (You acquired it on level 2 of the Dungeon)
 o - a +1 rapier of draining
 p - a +4 quarterstaff of chaos
Armour
 b - a +0 robe (worn)
 d - an orb of light
 q - a +0 cloak (worn)
Jewellery
 h - a ring of magical power (left hand)
Scrolls
 f - a scroll of fog {unknown}
 g - a scroll of teleportation {unknown}
 i - 3 scrolls of identify {unknown}
 j - a scroll of silence {unknown}
 l - a scroll of noise {unknown}
 m - a scroll of brand weapon {unknown}
 n - a scroll of torment {unknown}
Potions
 c - a potion of ambrosia
 k - a potion of enlightenment {unknown}


   Skills:
 + Level 3.3 Fighting
 + Level 3.2 Maces & Flails
 - Level 1.2 Armour
 * Level 3.2 Dodging
 - Level 0.1 Stealth
 * Level 0.1 Shields


You had 2 spell levels left.
You didn't know any spells.
Your spell library was empty.

Dungeon Overview and Level Annotations

Branches:
Dungeon (3/15)

Altars:
Fedhas


Innate Abilities, Weirdness & Mutations

You are partially covered in large bone plates. (SH +4)
You may rarely emit foul miasma when damaged in melee.


Message History

Crazy Yiuf burns you.
You bludgeon Crazy Yiuf!!
You kill Crazy Yiuf!
Fedhas appreciates your contribution to the ecosystem.
Your Maces & Flails skill increases to level 3!
There is an open translucent door, spattered with blood here.
Things that are here:
a +4 quarterstaff of chaos; a +0 cloak; the gnoll corpse of Crazy Yiuf
p - a +4 quarterstaff of chaos;
q - a +0 cloak Unknown command.
You start putting on your armour.
You continue putting on your +0 cloak. x4
You finish putting on your +0 cloak.
HP restored.
Done exploring.
Done exploring.
Done exploring.
There is an open translucent door, spattered with blood here.
You see here the gnoll corpse of Crazy Yiuf.
There is a stone staircase leading down here.
You climb downwards.
There is a stone staircase leading up here.
Found a chain mail.
Found a dagger.
No target in view!
No target in view!
You see here a +0 chain mail.
An ogre comes into view. It is wielding a +0 giant spiked club.
The ogre shouts!
An ogre is nearby!
Found 2 gold pieces.
A rat comes into view.
You barely miss the ogre. The ogre closely misses you.
You barely miss the ogre.
The ogre hits you with a +0 giant spiked club!
You hit the ogre.
The ogre is lightly wounded.
The ogre hits you with a +0 giant spiked club!!
Ouch! That really hurt!
You die...
Fedhas appreciates your contribution to the ecosystem.

#..........
#..######## #
#.......... #.
#.#########
###.##......).
#.....[.##.##.
...###...##.##$#
#..........
#.#@##.##.#
..$#O# ..
...###.. .. ###.
###. # # .. .#
.# .


You could see an ogre.

Vanquished Creatures
  Crazy Yiuf (D:2)
  2 endoplasms
  A giant cockroach (D:1)
  2 goblins
  A hobgoblin (D:1)
  5 quokkas
  6 ball pythons
  3 bats
  2 frilled lizards (D:1)
  4 kobolds (D:1)
  A rat (D:1)
28 creatures vanquished.

Notes
Turn   | Place    | Note
-------+----------+-------------------------------------------
     0 | D:1      | innerfire43 the Demonspawn Monk began the quest for the
                  | Orb.
     0 | D:1      | Reached XP level 1. HP: 18/18 MP: 1/1
   319 | D:1      | Gained mutation: You are partially covered in large bone
                  | plates. (SH +4) [demonic ancestry]
   319 | D:1      | Reached XP level 2. HP: 24/24 MP: 2/2
  1152 | D:2      | Reached skill level 1 in Armour
  1181 | D:2      | You fall into a shaft and drop 1 floor!
  1212 | D:3      | Gained mutation: You may rarely emit foul miasma when
                  | damaged in melee. [demonic ancestry]
  1212 | D:3      | Reached XP level 3. HP: 29/29 MP: 3/3
  1346 | D:2      | Found a faded altar of an unknown god.
  1408 | D:2      | Prayed at the altar of an unknown god.
  1408 | D:2      | Became a worshipper of Fedhas Madash
  1408 | D:2      | Reached * piety under Fedhas
  1408 | D:2      | Reached ** piety under Fedhas
  1740 | D:2      | Found a runed translucent door.
  1741 | D:2      | Noticed Crazy Yiuf
  1745 | D:2      | Identified a scroll of acquirement
  1745 | D:2      | Acquired the +7 mace of Variability {chaos, chaos arc}
  1745 | D:2      | Found the +7 mace of Variability {chaos, chaos arc}
  1817 | D:2      | Killed Crazy Yiuf
  1925 | D:3      | Noticed an ogre
  1931 | D:3      | Slain by an ogre

Illustrated notes

Levels and vault maps discovered:
D:1:      tarquinn_simple_flora_water_d, layout_basic, chequers_mini_garden,
          minmay_tiny_reverse_x
D:2:      layout_basic, ebering_ecumenical_altar_box, minmay_split_cup_large,
          uniq_crazy_yiuf_cottage
D:3:      layout_loops_ring, serial_shops, nicolae_shop_rolling_square,
          minivault_27

Skill      XL: |  1  2  3 |
---------------+----------+-----
Dodging        | 3 |  3.2
Armour         | 1 |  1.2
Maces & Flails | 3 |  3.2
Fighting       | |  3.3
Stealth        | |  0.1
Shields        | |  0.1

Action                     || total
---------------------------++-------
  Melee: Mace              ||    64
         Great mace        ||     5
    Use: Scroll            ||     1
 Armour: Robe              ||    10
  Dodge: Dodged            ||    45
  Block: Orb               ||     7

Table legend: (Time is in decaauts)
 A = Elapsed time spent in this place.
 B = Non-inter-level travel time spent in this place.
 C = Inter-level travel time spent in this place.
 D = Time resting spent in this place.
 E = Time spent auto-exploring this place.
 F = Levels seen in this place.
 G = Mean time per level.
                   A        B        C        D        E       F      G
               +--------+--------+--------+--------+--------+-----+--------+
         Total |   1946 |   1858 |     88 |      0 |   1633 |   3 |  648.7 |
       Dungeon |   1946 |   1858 |     88 |      0 |   1633 |   3 |  648.7 |
               +--------+--------+--------+--------+--------+-----+--------+

Top non-repeatable levels by time:
     D:1: 1050 daAuts
     D:2: 819 daAuts
     D:3: 77 daAuts
